 Dungeon Crawl Stone Soup version 0.30-a0-591-g3c58d2bc28 (webtiles) character file.

Game seed: 6667006800791563159

1130 OTABOTABOTAB the Insei (level 8, 0/72 HPs)
             Began as a Gnoll Transmuter on Jan 6, 2023.
             Slain by Menkaure (18 damage)
             ... on level 4 of the Dungeon.
             The game lasted 00:05:29 (3152 turns).

OTABOTABOTAB the Insei (Gnoll Transmuter)           Turns: 3152, Time: 00:05:30

Health: 0/72       AC:  6    Str: 11    XL:     8   Next: 36%
Magic:  14/17      EV: 12    Int: 13    God:
Gold:   184        SH:  0    Dex: 13    Spells: 9/19 levels left

rFire   x . .      SeeInvis .      - Unarmed
rCold   + + +      Faith    .    (shield currently unavailable)
rNeg    . . .      Spirit   .    (body armour currently unavailable)
rPois   +          Reflect  .    (helmet currently unavailable)
rElec   .          Harm     .    (cloak currently unavailable)
rCorr   .          Rampage  .    (gloves currently unavailable)
Will    .....                    (boots currently unavailable)
Stlth   ++                       (no amulet)
HPRegen 0.32/turn                (no ring)
MPRegen 0.15/turn                (no ring)

@: ice-form
A: freezing attack, amphibious, boosted hp, large, (fangs 1), strong nose,
distributed training
a: End Transformation


You were on level 4 of the Dungeon.
You were a creature of crystalline ice.
You visited 1 branch of the dungeon, and saw 4 of its levels.

You collected 184 gold pieces.

Inventory:

Hand Weapons
 a - a +2 sling of draining (melded)
   (You found it on level 2 of the Dungeon)
Missiles
 n - 2 curare-tipped darts
 s - 9 stones (quivered)
Armour
 f - a +2 pair of boots (melded)
   (You found it on level 1 of the Dungeon)
 h - a +0 robe (melded)
 p - a +0 helmet
   (You took it off Robin on level 3 of the Dungeon)
Jewellery
 N - a ring of positive energy {rN+}
   (You found it on level 3 of the Dungeon)
Wands
 e - a wand of charming (10)
   (You found it on level 3 of the Dungeon)
 q - a wand of flame (17)
   (You took it off Grinder on level 3 of the Dungeon)
Scrolls
 c - 6 scrolls of teleportation {unknown}
 d - 2 scrolls of fear {unknown}
 i - a scroll of identify {unknown}
 j - a scroll of noise {unknown}
Potions
 b - 2 potions of curing {unknown}
 g - a potion of ambrosia {unknown}
 k - a potion of flight {unknown}
 l - a potion of might {unknown}
 m - 3 potions of mutation {unknown}
 o - a potion of brilliance {unknown}
 r - 2 potions of cancellation {unknown}
 t - a potion of heal wounds {unknown}
 u - a potion of magic {unknown}
 P - a potion of lignification {!q}


   Skills:
 + Level 4.2 Fighting
 + Level 3.3 Short Blades
 + Level 3.3 Long Blades
 + Level 3.3 Axes
 + Level 3.3 Maces & Flails
 + Level 3.3 Polearms
 + Level 3.3 Staves
 + Level 3.3 Ranged Weapons
 + Level 3.3 Throwing
 + Level 3.3 Armour
 + Level 5.7 Dodging
 + Level 3.3 Stealth
 + Level 3.3 Shields
 + Level 7.4 Unarmed Combat
 + Level 6.1 Spellcasting
 + Level 2.7 Conjurations
 + Level 2.7 Hexes
 + Level 2.7 Summonings
 + Level 2.7 Necromancy
 + Level 2.7 Translocations
 + Level 4.7 Transmutations
 + Level 2.7 Fire Magic
 + Level 2.7 Ice Magic
 + Level 2.7 Air Magic
 + Level 2.7 Earth Magic
 + Level 2.7 Poison Magic
 + Level 3.6 Invocations
 + Level 3.3 Evocations


You had 9 spell levels left.
You knew the following spells:

 Your Spells              Type           Power      Damage    Failure   Level
a - Beastly Appendage     Tmut           32%        N/A       2%          1
b - Wereblood             Tmut           16%        N/A       3%          2
c - Spider Form           Tmut/Pois      13%        N/A       11%         3
d - Ice Form              Ice/Tmut       13%        N/A       34%         4

Your spell library contained the following spells:

 Spells                   Type           Power      Damage    Failure   Level
 Ensorcelled Hibernation  Hex/Ice        22%        N/A       9%          2
 Sublimation of Blood     Necr           11%        N/A       9%          2
 Petrify                  Tmut/Erth      13%        N/A       34%         4
 Anguish                  Hex/Necr       5%         N/A       47%         4
 Irradiate                Conj/Tmut      6%         3d13      69%         5


Dungeon Overview and Level Annotations

Branches:
Dungeon (4/15)
 Temple: D:4-7

Altars:
Uskayaw
Xom

Shops:
D:4 =

Annotations:
D:3 1 runed translucent door, OTABOTABOTAB's ghost, amateur DrTm
D:4 Menkaure


Innate Abilities, Weirdness & Mutations

You are a creature of crystalline ice.
You have a powerful freezing melee attack.
You are amphibious.
Your maximum health is increased.
Your armour is entirely melded.
You are incapable of wielding weapons or throwing items.
((You have very sharp teeth.))
Your uncanny sense of smell can sniff out nearby items.
Your experience applies equally to all skills.


Message History

A ball python is nearby!
You turn into a venomous arachnid creature.
Your +2 sling of draining melds into your body.
Your +2 pair of boots melds into your body.
Your +0 robe melds into your body.
You now have 13/16 mp.
The ball python bites you. The ball python closely misses you.
The ball python completely misses you. The ball python closely misses you.
You take 1 damage, and have 59/60 hp.
Unknown command.
You bite the ball python!
You kill the ball python!
No target in view!
No target in view!
Your transformation has ended.
Your +2 sling of draining unmelds from your body.
Your +2 pair of boots unmelds from your body.
Your +0 robe unmelds from your body.
You sense an unholy aura.
Found Okkonkikh's One-of-a-Kind Rings.
Health restored: 60; MP restored: 16
There is an entrance to Okkonkikh's One-of-a-Kind Rings here.
Unknown command.
Unknown command.
A quokka comes into view.
Found a stone staircase leading up.
A quokka is nearby!
A quokka is nearby!
You shoot a sling bullet. The sling bullet hits the quokka.
You drain the quokka.
You kill the quokka!
No target in view!
You now have 184 gold pieces (gained 10).
Natasha, Servant of Life and Death comes into view.
She is carrying a wand of flame (16).
You shoot a sling bullet. The sling bullet hits Natasha.
Natasha casts a spell at you. The magic dart hits you!
You take 8 damage, and have 52/60 hp.
You shoot a sling bullet. The sling bullet hits Natasha.
You drain Natasha.
You kill Natasha!
Natasha yowls pathetically as she dies!
No target in view!
No target in view!
Found a stone staircase leading down.
Health restored: 60 No target in view!
No target in view!
A yak comes into view.
A yak is nearby!
A yak is nearby!
You shoot a sling bullet. The sling bullet hits the yak.
You drain the yak.
A yak comes into view.
You shoot a sling bullet. The yak bellows!
The sling bullet hits the yak but does no damage.
You drain the yak. You shoot a sling bullet. The sling bullet hits the yak.
You drain the yak. You shoot a sling bullet. The sling bullet hits the yak.
You drain the yak.
You hear a bellow!
A yak comes into view.
Menkaure, Prince of Dust comes into view.
You hear a bellow!
Okay, then.
The spell is quite dangerous to miscast (36% risk of failure)!
Continue anyway?
You turn into a creature of crystalline ice.
Your +2 sling of draining melds into your body.
Your +2 pair of boots melds into your body.
Your +0 robe melds into your body.
Menkaure shouts!
The yak bellows!
You now have 72/72 hp.
Menkaure calls on the powers of darkness!
The yak convulses! x2
Your body is wracked with pain!
You take 35 damage, and have 37/72 hp.
MASSIVE DAMAGE!!
You punch the yak! You freeze the yak.
You kill the yak!
A yak comes into view.
Your Spellcasting skill increases to level 6!
A yak comes into view.
You punch the yak! You freeze the yak. The yak misses you.
The yak bellows!
You hit the yak. You freeze the yak.
You kill the yak!
Menkaure gestures wildly while chanting.
Menkaure seems to speed up.
Menkaure casts a spell at you. Pain shoots through your body!
You take 6 damage, and have 33/72 hp.
You swing at nothing.
You punch Menkaure! You freeze Menkaure.
Menkaure calls on the powers of darkness!
The yak convulses!
Your body is wracked with pain!
* * * LOW HITPOINT WARNING * * *
The yak convulses! x2
You take 16 damage, and have 18/72 hp.
MASSIVE DAMAGE!!
You hit Menkaure. Menkaure barely misses you.
You hit Menkaure. Menkaure hits you!!
You die...

## #.# #. #.##
##.#.# #.# ####.###
#..###.##.# #.#
#......#
#.#...###.# #.#
#.#....#
#.........# ...
#......#
#####.#####
.##.#....# #.#
.........########.#
#............#
#Y#.##########
#M#.# #..YYY.#
####.### #.# #.#
#># #.# #..


You could see 3 yaks and Menkaure (fast).

Vanquished Creatures
  Pikel (D:4)
  Grinder (D:3)
  2 yaks (D:4)
  A black bear (D:3)
  An iguana (D:4)
  Natasha (D:4)
  Robin (D:3)
  5 adders
  3 gnolls (D:3)
  6 dart slugs
  5 orcs
  5 ball pythons
  8 endoplasms
  2 giant cockroaches
  15 goblins
  7 hobgoblins
  9 jackals
  3 quokkas
  7 bats
  7 frilled lizards
  4 kobolds
  4 rats
98 creatures vanquished.

Vanquished Creatures (others)
  A plant (D:1)
1 creature vanquished.

Grand Total: 99 creatures vanquished

Notes
Turn   | Place    | Note
-------+----------+-------------------------------------------
     0 | D:1      | OTABOTABOTAB the Gnoll Transmuter began the quest for the
                  | Orb.
     0 | D:1      | Reached XP level 1. HP: 17/17 MP: 6/6
    55 | D:1      | Reached XP level 2. HP: 21/23 MP: 7/7
   187 | D:1      | Found a faded altar of an unknown god.
   235 | D:1      | Reached skill level 5 in Spellcasting
   235 | D:1      | Reached XP level 3. HP: 27/28 MP: 7/9
   506 | D:1      | Reached skill level 1 in Invocations
   675 | D:2      | Reached skill level 1 in Short Blades
   675 | D:2      | Reached skill level 1 in Long Blades
   675 | D:2      | Reached skill level 1 in Axes
   675 | D:2      | Reached skill level 1 in Maces & Flails
   675 | D:2      | Reached skill level 1 in Polearms
   675 | D:2      | Reached skill level 1 in Staves
   675 | D:2      | Reached skill level 1 in Ranged Weapons
   675 | D:2      | Reached skill level 1 in Throwing
   675 | D:2      | Reached skill level 1 in Armour
   675 | D:2      | Reached skill level 1 in Stealth
   675 | D:2      | Reached skill level 1 in Shields
   675 | D:2      | Reached skill level 1 in Evocations
   873 | D:2      | Reached XP level 4. HP: 34/34 MP: 9/11
   889 | D:2      | Learned a level 2 spell: Wereblood
   893 | D:2      | Learned a level 3 spell: Spider Form
  1068 | D:2      | Reached skill level 1 in Conjurations
  1068 | D:2      | Reached skill level 1 in Hexes
  1068 | D:2      | Reached skill level 1 in Summonings
  1068 | D:2      | Reached skill level 1 in Necromancy
  1068 | D:2      | Reached skill level 1 in Translocations
  1068 | D:2      | Reached skill level 1 in Fire Magic
  1068 | D:2      | Reached skill level 1 in Ice Magic
  1068 | D:2      | Reached skill level 1 in Air Magic
  1068 | D:2      | Reached skill level 1 in Earth Magic
  1068 | D:2      | Reached skill level 1 in Poison Magic
  1498 | D:3      | Reached XP level 5. HP: 40/40 MP: 12/12
  1507 | D:3      | Found a runed translucent door.
  1511 | D:3      | Noticed OTABOTABOTAB's ghost (amateur DrTm)
  1538 | D:3      | Identified the +4 robe of Zoamn {Dex+2}
  1543 | D:3      | Reached skill level 3 in Fighting
  1593 | D:3      | Reached skill level 4 in Transmutations
  1710 | D:3      | Noticed Robin
  1715 | D:3      | Killed Robin
  1731 | D:3      | Noticed a black bear
  1741 | D:3      | Killed a black bear
  1742 | D:3      | Reached skill level 5 in Dodging
  1742 | D:3      | Reached skill level 2 in Invocations
  1742 | D:3      | Reached XP level 6. HP: 26/47 MP: 7/14
  1989 | D:3      | Reached skill level 2 in Short Blades
  1989 | D:3      | Reached skill level 2 in Long Blades
  1989 | D:3      | Reached skill level 2 in Axes
  1989 | D:3      | Reached skill level 2 in Maces & Flails
  1989 | D:3      | Reached skill level 2 in Polearms
  1989 | D:3      | Reached skill level 2 in Staves
  1989 | D:3      | Reached skill level 2 in Ranged Weapons
  1989 | D:3      | Reached skill level 2 in Throwing
  1989 | D:3      | Reached skill level 2 in Armour
  1989 | D:3      | Reached skill level 2 in Stealth
  1989 | D:3      | Reached skill level 2 in Shields
  1989 | D:3      | Reached skill level 2 in Evocations
  2002 | D:3      | Noticed Grinder
  2012 | D:3      | Paralysed by Grinder for 3 turns
  2014 | D:3      | HP: 11/47 [Grinder (1)]
  2018 | D:3      | Killed Grinder
  2019 | D:3      | Reached skill level 7 in Unarmed Combat
  2019 | D:3      | Reached XP level 7. HP: 13/52 MP: 13/15
  2501 | D:3      | Found a hide-covered altar of Uskayaw.
  2509 | D:3      | Found a shimmering altar of Xom.
  2778 | D:4      | Noticed Pikel
  2794 | D:4      | Killed Pikel
  2795 | D:4      | Reached skill level 4 in Fighting
  2795 | D:4      | Reached skill level 3 in Short Blades
  2795 | D:4      | Reached skill level 3 in Long Blades
  2795 | D:4      | Reached skill level 3 in Axes
  2795 | D:4      | Reached skill level 3 in Maces & Flails
  2795 | D:4      | Reached skill level 3 in Polearms
  2795 | D:4      | Reached skill level 3 in Staves
  2795 | D:4      | Reached skill level 3 in Ranged Weapons
  2795 | D:4      | Reached skill level 3 in Throwing
  2795 | D:4      | Reached skill level 3 in Armour
  2795 | D:4      | Reached skill level 3 in Stealth
  2795 | D:4      | Reached skill level 3 in Shields
  2795 | D:4      | Reached skill level 2 in Conjurations
  2795 | D:4      | Reached skill level 2 in Hexes
  2795 | D:4      | Reached skill level 2 in Summonings
  2795 | D:4      | Reached skill level 2 in Necromancy
  2795 | D:4      | Reached skill level 2 in Translocations
  2795 | D:4      | Reached skill level 2 in Fire Magic
  2795 | D:4      | Reached skill level 2 in Ice Magic
  2795 | D:4      | Reached skill level 2 in Air Magic
  2795 | D:4      | Reached skill level 2 in Earth Magic
  2795 | D:4      | Reached skill level 2 in Poison Magic
  2795 | D:4      | Reached skill level 3 in Invocations
  2795 | D:4      | Reached skill level 3 in Evocations
  2795 | D:4      | Reached XP level 8. HP: 26/60 MP: 13/16
  2911 | D:4      | Learned a level 4 spell: Ice Form
  3034 | D:4      | Found Okkonkikh's One-of-a-Kind Rings.
  3082 | D:4      | Noticed Natasha
  3084 | D:4      | Killed Natasha
  3132 | D:4      | Noticed a yak
  3134 | D:4      | Noticed a yak
  3136 | D:4      | Noticed a yak
  3136 | D:4      | Noticed Menkaure
  3142 | D:4      | Killed a yak
  3142 | D:4      | Noticed a yak
  3143 | D:4      | Reached skill level 6 in Spellcasting
  3143 | D:4      | Noticed a yak
  3145 | D:4      | Killed a yak
  3150 | D:4      | HP: 18/72 [??? (16)]
  3152 | D:4      | Slain by Menkaure

Illustrated notes

Levels and vault maps discovered:
D:1:      shiori_shiawase, layout_rooms, shapermc_ecumenical_altar_gd
D:2:      layout_basic
D:3:      layout_loops_ring, minitemple, ebering_ghost_sewer_d, minmay_between,
          uniq_grinder, uniq_robin
D:4:      layout_loops_corners, palyth_stone_intersect,
          nicolae_shop_unique_rings, uniq_pikel, uniq_natasha, uniq_menkaure

Skill      XL: |  1  2  3  4  5  6  7  8 |
---------------+-------------------------+-----
Spellcasting   | 5 6 |  6.1
Invocations    | 1 2 3 |  3.6
Short Blades   | 1 2 3 |  3.3
Long Blades    | 1 2 3 |  3.3
Axes           | 1 2 3 |  3.3
Maces & Flails | 1 2 3 |  3.3
Polearms       | 1 2 3 |  3.3
Staves         | 1 2 3 |  3.3
Ranged Weapons | 1 2 3 |  3.3
Throwing       | 1 2 3 |  3.3
Armour         | 1 2 3 |  3.3
Stealth        | 1 2 3 |  3.3
Shields        | 1 2 3 |  3.3
Evocations     | 1 2 3 |  3.3
Conjurations   | 1 2 |  2.7
Hexes          | 1 2 |  2.7
Summonings     | 1 2 |  2.7
Necromancy     | 1 2 |  2.7
Translocations | 1 2 |  2.7
Fire Magic     | 1 2 |  2.7
Ice Magic      | 1 2 |  2.7
Air Magic      | 1 2 |  2.7
Earth Magic    | 1 2 |  2.7
Poison Magic   | 1 2 |  2.7
Fighting       | 3 4 |  4.2
Transmutations | 4 |  4.7
Dodging        | 5 |  5.7
Unarmed Combat | 7 |  7.4

Action                   |  1- 3 |  4- 6 |  7- 9 || total
-------------------------+-------+-------+-------++-------
Melee: Unarmed           |    92 |    56 |    14 ||   162
       Kick              |    13 |     7 |       ||    20
       Bite              |    11 |     4 |       ||    15
       Headbutt          |     9 |     2 |       ||    11
       Punch             |     2 |       |       ||     2
 Fire: Sling             |       |    97 |    26 ||   123
Throw: Stone             |     8 |     3 |       ||    11
 Cast: Beastly Appendage |    11 |     5 |       ||    16
       Spider Form       |       |     2 |     3 ||     5
       Ice Form          |       |       |     1 ||     1
 Abil: End Transformatio |     6 |     6 |     3 ||    15
Armor: Robe              |    23 |    33 |     1 ||    57
       Skin              |       |       |     1 ||     1
Dodge: Dodged            |    64 |    86 |    10 ||   160

Table legend: (Time is in decaauts)
 A = Elapsed time spent in this place.
 B = Non-inter-level travel time spent in this place.
 C = Inter-level travel time spent in this place.
 D = Time resting spent in this place.
 E = Time spent auto-exploring this place.
 F = Levels seen in this place.
 G = Mean time per level.
                   A        B        C        D        E       F      G
               +--------+--------+--------+--------+--------+-----+--------+
         Total |   3168 |   3138 |     30 |    600 |   1917 |   4 |  792.0 |
       Dungeon |   3168 |   3138 |     30 |    600 |   1917 |   4 |  792.0 |
               +--------+--------+--------+--------+--------+-----+--------+

Top non-repeatable levels by time:
     D:3: 1165 daAuts
     D:2: 782 daAuts
     D:1: 629 daAuts
     D:4: 590 daAuts

Table legend:
 A = Kills in this place as a percentage of kills in entire the game.
 B = Kills by you in this place as a percentage of kills by you in the entire game.
 C = Kills by friends in this place as a percentage of kills by friends in the entire game.
 D = Other kills in this place as a percentage of other kills in the entire game.
 E = Experience gained in this place as a percentage of experience gained in the entire game.
 F = Experience gained in this place divided by the number of levels of this place that you have seen.
                   A       B       C       D       E      F
               +-------+-------+-------+-------+-------+----------------------
         Total | 100.0 | 100.0 |   N/A |   N/A | 100.0 | 403.8
       Dungeon | 100.0 | 100.0 |   N/A |   N/A | 100.0 | 403.8
               +-------+-------+-------+-------+-------+----------------------
